AoeStats
← ITA | MarknighT

Arabia

506811482Analyzed
1v1 RM · 18d ago on Sep 15, 2026· 40m 53s· 2 players
Game mode
Random Map
Map size
Tiny (2 player)
Population
200
Speed
Normal
Resources
Standard
Victory
Conquest
Starting age
Dark Age
Ending age
Imperial Age
RankedLock teamsTeams togetherTeam positionsShared explorationLock speedFull tech treeHidden civsTurbo modeCheats
Victory
Defeat
🇮🇹 Khmer · Italy
1942
+12
🇻🇳 Mongols · Vietnam
1856
-12
VNS TomNeva15
5:26 Loom
8:02 Feudal Age
9:38 Double-Bit Axe
19:32 Castle Age
18:00 Fletching
18:26 Gold Mining
19:13 Padded Archer Armor
19:33 Elite Skirmisher
20:27 Bow Saw
21:24 Bodkin Arrow
27:31 Fervor
30:43 Ballistics
34:11 Husbandry
36:57 Imperial Age
36:54 Wheelbarrow
36:35 Bloodlines
38:15 Bracer
37:58 Horse Collar
39:19 Chemistry
40:33 Leather Archer Armor
41:26 Scale Barding Armor
ITA | MarknighT
6:10 Loom
8:31 Feudal Age
9:06 Double-Bit Axe
11:31 Horse Collar
19:35 Castle Age
18:02 Fletching
19:52 Gold Mining
19:43 Crossbowman
20:20 Bodkin Arrow
22:29 Scale Barding Armor
23:33 Town Watch
26:08 Chain Barding Armor
27:01 Bloodlines
30:10 Wheelbarrow
30:23 Forging
30:15 Padded Archer Armor
35:03 Imperial Age
32:37 Padded Archer Armor
34:16 Husbandry
36:27 Plate Barding Armor
35:42 Cavalier
Connection lost

Rejoining the realm…

Still unreachable

The connection could not be restored.

Session expired

The server has moved on; the page needs a fresh start.